 Dungeon Crawl Stone Soup version 0.26-b1-32-g5d43845318 (webtiles) character file.

Game seed: 14294660939318379064

163 MajorAdolf the Skirmisher (level 5, 0/57 HPs)
             Began as a Naga Wanderer on Jan 8, 2021.
             Slain by Grinder (6 damage)
             ... on level 3 of the Dungeon.
             The game lasted 00:04:09 (3504 turns).

MajorAdolf the Skirmisher (Naga Wanderer)           Turns: 3504, Time: 00:04:10

Health: 0/57       AC:  2    Str: 16    XL:     5   Next: 44%
Magic:  5/5        EV:  6    Int: 10    God:
Gold:   164        SH:  7    Dex: 12    Spells: 4/4 levels left

rFire    . . .     SeeInvis +   b - +1 dagger (drain)
rCold    . . .     Faith    .   s - +0 kite shield
rNeg     . . .     Spirit   .   f - +0 robe
rPois    +         Reflect  .   (no helmet)
rElec    .         Harm     .   (no cloak)
rCorr    .         Rampage  .   (no gloves)
Will     +....                  (no barding)
Stlth    +.........             (no amulet)
HPRegen  0.19/turn              j - ring of willpower
MPRegen  0.09/turn              o - ring of attention (curse)

@: very slow
A: large, see invisible, deformed body, poison resistance, slowness 2, spit
poison 1, AC +1
a: Spit Poison


You were on level 3 of the Dungeon.
You visited 1 branch of the dungeon, and saw 3 of its levels.

You collected 164 gold pieces.

Inventory:

Hand Weapons
 b - a +1 dagger of draining (weapon)
Missiles
 d - 23 poisoned darts (quivered)
Armour
 f - a +0 robe (worn)
 s - a +0 kite shield (worn)
Jewellery
 j - a ring of willpower (left hand)
 k - an uncursed ring of stealth
 o - a cursed ring of attention (right hand)
 q - a +6 ring of strength {unknown}
Scrolls
 a - a scroll of identify {unknown}
 g - a scroll of immolation {unknown}
 h - 3 scrolls of blinking {unknown}
 i - a scroll of amnesia {unknown}
 l - 2 scrolls of remove curse {unknown}
 m - a scroll of fog {unknown}
 r - a scroll of teleportation {unknown}
Potions
 c - a potion of lignification
 e - a potion of brilliance {unknown}
 n - 2 potions of curing {unknown}
 p - a potion of invisibility {unknown}


   Skills:
 - Level 7.2 Fighting
 - Level 2.0(2.1) Short Blades
 - Level 1.0(1.6) Long Blades
 - Level 1.0 Throwing
 - Level 1.5 Stealth
 + Level 0.0 Shields


You had 4 spell levels left.
You didn't know any spells.
Your spell library was empty.

Dungeon Overview and Level Annotations

Branches:
Dungeon (3/15)

Altars:
Sif Muna
Wu Jian
Zin

Annotations:
D:3 Grinder


Innate Abilities, Weirdness & Mutations

You cannot wear boots.
Your serpentine skin is tough. (AC +1)
You have supernaturally acute eyesight. (SInv)
Armour fits poorly on your strangely shaped body.
Your system is resistant to poisons. (rPois)
You cover ground very slowly.
You can spit poison.


Message History

You hit Grinder but do no damage.
Grinder is moderately wounded.
You hit Grinder.
Grinder is moderately wounded.
Grinder hits you but does no damage.
You hit Grinder.
Grinder is moderately wounded.
Grinder hits you.
You writhe in agony.
* * * LOW HITPOINT WARNING * * *
You hit Grinder but do no damage.
Grinder is moderately wounded.
Grinder closely misses you.
You hit Grinder.
Grinder is moderately wounded.
Grinder hits you.
* * * LOW HITPOINT WARNING * * *
You writhe in agony.
* * * LOW HITPOINT WARNING * * *
Grinder hits you.
You die...

.....#..........#........#
...#.......#..#.##.###.#
#.#....(#.#..#.##.# #.#
#^................###.###
####.....<...#####.......
#..#.....## #.##.##.
#..##.#### #.##....
#..##5# #.####.. #..##@#
#†####.. #..##.# #.<...(.
...##.. ######.# #.######
#.# #. #.# #.# ######(#
###...##.# #.......)#


You could see Grinder.

Vanquished Creatures
  A scorpion (D:3)
  3 adders (D:2)
  A gnoll (D:1)
  An ooze (D:1)
  2 dart slugs (D:1)
  4 leopard geckos
  6 orcs
  A ball python (D:1)
  4 giant cockroaches
  6 hobgoblins
  5 kobolds
  9 bats
  3 frilled lizards
  10 goblins
  2 rats
58 creatures vanquished.

Vanquished Creatures (others)
  A fungus (D:1)
1 creature vanquished.

Grand Total: 59 creatures vanquished

Notes
Turn   | Place    | Note
-------+----------+-------------------------------------------
     0 | D:1      | MajorAdolf the Naga Wanderer began the quest for the Orb.
     0 | D:1      | MajorAdolf set off with the following items: a +2 dagger, a
                  | potion of berserk rage, a potion of lignification, 10
                  | poisoned darts, a +0 dagger, a +0 robe
     0 | D:1      | Reached XP level 1. HP: 25/25 MP: 1/1
    30 | D:1      | Reached XP level 2. HP: 7/32 MP: 2/2
    37 | D:1      | HP: 1/32 [goblin (2)]
   395 | D:1      | Reached XP level 3. HP: 6/40 MP: 3/3
   395 | D:1      | HP: 2/60 [dart slug/slug dart (3)]
   825 | D:1      | Reached skill level 6 in Fighting
  1407 | D:2      | Reached XP level 4. HP: 44/48 MP: 4/4
  1556 | D:2      | Found a glowing silver altar of Zin.
  1556 | D:2      | Noticed an angel
  1668 | D:2      | Found a shimmering blue altar of Sif Muna.
  2312 | D:2      | Found an ornate altar of the Wu Jian Council.
  2345 | D:3      | Noticed Grinder
  3233 | D:3      | Reached skill level 7 in Fighting
  3233 | D:3      | Reached XP level 5. HP: 57/57 MP: 5/5
  3331 | D:3      | Paralysed by Grinder for 2 turns
  3504 | D:3      | Slain by Grinder

Illustrated notes

Levels and vault maps discovered:
D:1:      wander_arrival_fairy_ring, layout_basic
D:2:      layout_basic, zin_angel, lemuel_blue_sif_altar,
          pdpol_wu_jian_five_deadly_venoms
D:3:      layout_loops_cross, uniq_sigmund, uniq_crazy_yiuf_cottage, uniq_robin,
          uniq_grinder

Skill      XL: |  1  2  3  4 |
---------------+-------------+-----
Fighting       | 6 7 |  7.2
Short Blades   | |  2.0
Long Blades    | |  1.0
Throwing       | |  1.0
Stealth        | |  1.5

Action                   |  1- 3 |  4- 6 || total
-------------------------+-------+-------++-------
Melee: Dagger            |   107 |   144 ||   251
Throw: Dart              |     4 |       ||     4
 Abil: Spit Poison       |     3 |     1 ||     4
  Use: Potion            |     1 |     1 ||     2
 Stab: Sleeping          |     1 |       ||     1
Armor: Robe              |    30 |    47 ||    77
       Skin              |       |    38 ||    38
Dodge: Dodged            |    64 |    63 ||   127
Block: Kite shield       |       |     6 ||     6
